 Dungeon Crawl Stone Soup version 0.32-a0-799-g95e1662365 (webtiles) character file.

Game seed: 11608986495690822979

39 ezpacito the Chopper (level 3, -1/29 HPs)
             Began as a Coglin Chaos Knight on Mar 21, 2024.
             Was a Plaything of Xom.
             Slain by a gnoll
             ... wielding a +0 halberd
              (9 damage)
             ... on level 2 of the Dungeon.
             The game lasted 00:01:19 (995 turns).

ezpacito the Chopper (Coglin Chaos Knight)           Turns: 995, Time: 00:01:20

Health: -1/29      AC:  6    Str: 14    XL:     3   Next: 45%
Magic:  3/3        EV: 10    Int: 11    God:    Xom [..*...]
Gold:   51         SH:  0    Dex: 13    Spells: 2/2 levels left

rFire   . . .        a - +0 hand axe (chaos) {Yuxuan}
rCold   . . .        d - +0 dagger {Isolde}
rNeg    . . .        b - +2 leather armour
rPois   .            (no helmet)
rElec   .            (no cloak)
rCorr   .            (no gloves)
SInv    .            k - +0 pair of boots
Will    .....        (amulet unavailable)
Stlth   +            (ring unavailable)
HPRegen 0.24/turn    (ring unavailable)
MPRegen 0.08/turn    (no gizmo)

%: no passive effects
@: revved
A: off-hand wielding, slow wielding, warmup strikes, no jewellery
a: Invent Gizmo, Renounce Religion


You were on level 2 of the Dungeon.
You worshipped Xom.
You were a toy of Xom.
You visited 1 branch of the dungeon, and saw 2 of its levels.

You collected 72 gold pieces.
You spent 21 gold pieces at shops.

Inventory:

Hand Weapons
 a - a +0 hand axe of chaos (weapon) {Yuxuan}
 d - a +0 dagger (offhand) {Isolde}
Armour
 b - a +2 leather armour (worn)
 k - a +0 pair of boots (worn)
Scrolls
 e - a scroll of amnesia {unknown}
 i - a scroll of enchant armour {unknown}
 j - a scroll of identify {unknown}
Potions
 f - a potion of curing {unknown}
 g - a potion of resistance {unknown}


   Skills:
 * Level 3.1 Fighting
 * Level 3.2(3.3) Axes
 + Level 0.8(2.0) Polearms
 * Level 2.2 Armour
 * Level 1.3 Dodging
 + Level 0.3 Stealth
 + Level 0.3 Spellcasting


You had 2 spell levels left.
You didn't know any spells.
Your spell library contained the following spells:

 Spells                   Type           Power      Damage    Failure   Level
 Sandblast                Erth           0%         2d4       38%         1
 Shock                    Conj/Air       0%         1d3       38%         1
 Stone Arrow              Conj/Erth      0%         3d7       77%         3
 Swiftness                Air            0%         N/A       77%         3
 Airstrike                Air            0%         2d(0-16)  99%         4
 Brom's Barrelling Bould  Conj/Erth      0%         2d3       99%         4


Dungeon Overview and Level Annotations

Branches:
Dungeon (2/15)

Altars:

Shops:
D:1 *


Innate Abilities, Weirdness & Mutations

You can wield a second weapon in your off-hand.
It takes a long time for you to wield or remove held weapons.
Your first few attacks do less damage.
You cannot equip rings or amulets.


Message History

As you read the scroll labelled GONYHU DEJ CAMYTOT, it crumbles to dust.
Your body is wracked with pain!
The jackal convulses! x3; The gnoll convulses! x3
It was a scroll of torment.
Xom thinks this is hilarious!
The jackal barely misses you. The jackal closely misses you.
An endoplasm comes into view.
The jackal bites you but does no damage.
You take 10 damage, and have 13/29 hp.
MASSIVE DAMAGE!!
The jackal barely misses you. The jackal closely misses you.
You hit the kobold with your +0 dagger.
The kobold is severely wounded.
You hit the kobold with your +0 hand axe of chaos.
You freeze the kobold.
You kill the kobold!
You barely miss the jackal with your +0 hand axe of chaos.
You hit the jackal with your +0 hand axe of chaos.
You drain the jackal.
You kill the jackal!
The jackal closely misses you.
The gnoll hits you from afar with a +0 spear.
The jackal closely misses you.
You take 4 damage, and have 9/29 hp.
The gnoll barely misses you.
You hit the jackal but do no damage.
The jackal is moderately wounded.
You hit the gnoll with your +0 hand axe of chaos.
You burn the gnoll.
You miss the jackal with your +0 dagger.
The jackal closely misses you.
The gnoll hits you but does no damage. x2
The jackal attacks as it pursues you! The jackal closely misses you.
The gnoll closely misses you. The jackal barely misses you.
You hit the jackal but do no damage.
The jackal is moderately wounded.
You closely miss the jackal with your +0 hand axe of chaos. x2
The jackal completely misses you. The jackal bites you.
* * * LOW HITPOINT WARNING * * *
The gnoll barely misses you.
The gnoll hits you from afar with a +0 halberd!
You die...
Xom giggles madly!

♣...J.# ♣♣.....# ....$.#
#..... .....# #....b .$..
#b.bb. #>. ##########b...b
#####†#####........#.b.g.
♣##.?..†gh@##.........b..bb
♣......ggh.##.............g
..#.....g..##.....b.....bg.
#####.#####.....b...####.
#.#####g.b......# #
#.#......bg.....#
#.##.#.###K.g..g..##.
#......# #..b.....##.#
####.### #........# ..#


You could see 4 gnolls and 2 jackals.

Vanquished Creatures
  2 dart slugs (D:1)
  3 ball pythons (D:1)
  8 endoplasms
  A giant cockroach (D:2)
  A goblin (D:1)
  2 hobgoblins (D:1)
  2 jackals (D:2)
  3 kobolds
  A quokka (D:1)
  3 bats (D:1)
  A frilled lizard (D:1)
  3 rats (D:1)
30 creatures vanquished.

Notes
Turn   | Place    | Note
-------+----------+-------------------------------------------
     0 | D:1      | ezpacito the Coglin Chaos Knight began the quest for the
                  | Orb.
     0 | D:1      | Reached XP level 1. HP: 18/18 MP: 1/1
    27 | D:1      | Reached skill level 1 in Dodging
    38 | D:1      | XOM: silly message
    52 | D:1      | Reached XP level 2. HP: 22/24 MP: 2/2
   198 | D:1      | Found Vahyekk's Assorted Antiques.
   233 | D:1      | Bought a bubbling black potion for 21 gold pieces
   296 | D:1      | XOM: silly message
   493 | D:1      | XOM: divination: magic mapping
   509 | D:1      | Reached XP level 3. HP: 28/29 MP: 3/3
   995 | D:2      | Slain by a gnoll

Illustrated notes

Levels and vault maps discovered:
D:1:      minmay_arrival_solitary_statue, layout_basic, serial_shops,
          nicolae_shop_window_shopping
D:2:      layout_basic, ebering_ecumenical_altar_box, hex_intersection,
          serial_bayou_crossing

Skill      XL: |  1  2 |
---------------+-------+-----
Dodging        | 1 |  1.3
Armour         | 2 |  2.2
Fighting       | |  3.1
Axes           | |  3.2
Polearms       | |  0.8
Stealth        | |  0.3
Spellcasting   | |  0.3

Action                     || total
---------------------------++-------
  Melee: Hand axe          ||    52
         Dagger            ||    41
    Use: Scroll            ||     2
   Stab: Sleeping          ||     1
 Armour: Leather armour    ||    33
  Dodge: Dodged            ||    40

Table legend: (Time is in decaauts)
 A = Elapsed time spent in this place.
 B = Non-inter-level travel time spent in this place.
 C = Inter-level travel time spent in this place.
 D = Time resting spent in this place.
 E = Time spent auto-exploring this place.
 F = Levels seen in this place.
 G = Mean time per level.
                   A        B        C        D        E       F      G
               +--------+--------+--------+--------+--------+-----+--------+
         Total |    998 |    986 |     12 |      0 |    780 |   2 |  499.0 |
       Dungeon |    998 |    986 |     12 |      0 |    780 |   2 |  499.0 |
               +--------+--------+--------+--------+--------+-----+--------+

Top non-repeatable levels by time:
     D:1: 836 daAuts
     D:2: 162 daAuts
